Cogmind - Beta 15 @@@ ROGUE MODE // 2025.08.23 @ 22:59:18 Player: Aleph Result: Destroyed by G-34 Mercenary with Small Laser Performance ------------- Evolutions (0) 0 Regions Visited (1) 200 Robots Destroyed (11) 55 Value Destroyed (236) 236 Prototype IDs (0) 0 Alien Tech Used (0) 0 Bonus (0) 0 TOTAL SCORE: 491 Bonus ------- None Cogmind --------- Core Integrity 0/250 Matter 249/300 Energy 100/100 System Corruption 0% Temperature Cool (6) Movement Core (1400) Ox27 Location -10/Materials Parts ------- > --- POWER (1) -------- (None) > --- PROPULSION (2) --- (None) > --- UTILITY (2) ------ Huge Storage Unit Signal Interpreter > --- WEAPON (2) ------- Medium Laser > --- INVENTORY (25) --- Heat Sink High-capacity Matter Pod (177) Targeting Computer Peak State ------------ > --- POWER ------------ Light Ion Engine > --- PROPULSION ------- Wheel Wheel > --- UTILITY ---------- Huge Storage Unit Signal Interpreter > --- WEAPON ----------- Heavy EM Pulse Gun Heavy EM Pulse Gun > --- INVENTORY -------- Aluminum Leg Aluminum Leg High-capacity Matter Pod Targeting Computer Medium Laser EMP Blaster EMP Blaster Grenade Launcher [Rating: 10] Favorites ----------- Power Light Ion Engine Engine Light Ion Engine Propulsion Wheel Leg Aluminum Leg Wheel Wheel Utility Huge Storage Unit Storage Huge Storage Unit Processor Signal Interpreter Weapon Heavy EM Pulse Gun Energy Gun Heavy EM Pulse Gun Ballistic Gun Light Assault Rifle Launcher Grenade Launcher Build | -11 -10 ------- Run | Yrd Mat Slots Evolved . | . . Power . | . . Propulsion . | . . Utility . | . . Weapon . | . . Parts Attached 18 | 7 11 Power 1 | 1 . Engine 1 | 1 . Core . | . . Reactor . | . . Propulsion 4 | 4 . Treads . | . . Leg 2 | 2 . Wheel 2 | 2 . Hover . | . . Flight . | . . Utility 3 | . 3 Device . | . . Storage 2 | . 2 Processor 1 | . 1 Hackware . | . . Protection . | . . Artifact . | . . Weapon 10 | 2 8 Energy Gun 5 | . 5 Energy Cannon . | . . Ballistic Gun 2 | 2 . Ballistic Cannon . | . . Launcher 3 | . 3 Special Weapon . | . . Impact Weapon . | . . Slashing Weapon . | . . Piercing Weapon . | . . Special Melee Weapon . | . . Unidentified Prototypes . | . . Parts Lost 12 | . 12 Power 1 | . 1 Propulsion 4 | . 4 Utility . | . . Weapon 7 | . 7 Highest Loss Streak 11 | . 11 To Critical Strikes 1 | . 1 Average Backups 6 | . 7 Power . | . . Propulsion 1 | . 1 Utility 1 | . 2 Weapon 2 | . 3 Tool/Special . | . . Unused Backups 4 | . 4 Power . | . . Propulsion . | . . Utility 3 | . 3 Weapon 1 | . 1 Tool/Special . | . . Average Slot Usage (%) 91 | . 91 Engine 11 | . 11 Leg 1 | . 1 Wheel 23 | . 23 Storage 13 | . 13 Processor 12 | . 12 Energy Gun 18 | . 18 Ballistic Gun 4 | . 4 Launcher 3 | . 3 Peak Build Rating 10 | 5 10 Average Rating 6 | 3 8 On Entrance 2 | . 5 Naked Turns . | . . Heaviest Build 165 | 5 165 Greatest Support 20 | 20 20 Greatest Overweight (x) 27 | 1 27 Average Overweight (x) 2 | . 4 Largest Inventory Capacity 25 | 5 25 Average Capacity 18 | 5 24 Most Carried 11 | 3 11 Average Carried 6 | . 8 Final Capacity 25 | 5 25 Final Carried 3 | 3 3 Class Distribution -------------------- 100% | Mutant Dominant Class ---------------- Mutant | -10/Materials Resources | -11 -10 ----------- Run | Yrd Mat Matter Collected 516 | 284 232 Remotely . | . . Salvage Created 353 | 46 307 Parts 14 | 2 12 Haulers Intercepted . | . . Recyclers Shooed 1 | . 1 Parts Field Recycled . | . . Retrieved Matter . | . . Parts Self-Destructed . | . . Prevented . | . . Kills | -11 -10 ------- Run | Yrd Mat Combat Hostiles Destroyed 10 | 1 9 Guns 9 | 1 8 AOE 1 | . 1 Classes Destroyed 3 | 1 2 Recycler 1 | . 1 Swarmer 5 | . 5 Grunt 5 | 1 4 Best Kill Streak 3 | 1 3 Combat Bots Only 3 | 1 3 Max Kills in Single Turn 1 | 1 1 Gunslinging . | . . Exploded 1 | . 1 Melee . | . . Uniques/NPCs Destroyed . | . . Combat | -11 -10 -------- Run | Yrd Mat Hostile Shots Fired 169 | 3 166 Missed 55 | . 55 Hits 114 | 3 111 Projectile 114 | 3 111 Critical Strikes 1 | . 1 Damage Taken 1132 | 34 1098 Core 260 | 11 249 Absorbed by Shields . | . . Core Remaining (%) 95 | 95 . Volleys Fired 26 | 2 24 Largest 2 | 2 2 Hottest 90 | 40 90 Shots Fired 45 | 4 41 Gun 41 | 4 37 Cannon . | . . Launcher 4 | . 4 Special . | . . Kinetic 4 | 4 . Thermal 6 | . 6 Explosive . | . . Electromagnetic 35 | . 35 Robot Hit Streak 7 | 3 7 Robot Miss Streak 7 | 1 7 Penetration Max . | . . Secondary Targets . | . . Shots Hit Robots 24 | 3 21 Core Hits 13 | 2 11 Critical Kills . | . . Critical Parts Destroyed . | . . Critical Strikes 1 | . 1 Corrupt 1 | . 1 Melee Attacks . | . . Impact . | . . Slashing . | . . Piercing . | . . Sneak Attacks . | . . Combat Hostiles . | . . Follow-up Attacks . | . . Damage Inflicted 526 | 27 499 Guns 367 | 27 340 Cannons . | . . Explosions 159 | . 159 Melee . | . . Ramming . | . . Kinetic 27 | 27 . Thermal 164 | . 164 Explosive . | . . Electromagnetic 335 | . 335 Impact . | . . Slashing . | . . Piercing . | . . Highest Corruption . | . . Average Corruption . | . . Corruption Purged . | . . Corruption Blocked . | . . Overload Shots . | . . Overflow Damage . | . . Projectiles . | . . Explosions . | . . Melee . | . . Knockbacks . | . . Impact . | . . Kinetic . | . . Secondary . | . . Self-Inflicted Damage 5 | . 5 Shots 1 | . 1 Rammed . | . . Targets Rammed . | . . Kicked . | . . Crushed . | . . Highest Temperature 138 | 6 138 Average Temperature 38 | 6 38 Received Heat Transfer 384 | 18 366 Siege Activations . | . . Martial Activations . | . . Shielding Activations . | . . Robots Disrupted . | . . Combat Hostiles . | . . Robots Corrupted . | . . Combat Hostiles . | . . Parts Fried 1 | . 1 Impact Corruptions . | . . Robots Melted . | . . Combat Hostiles . | . . Parts Melted . | . . Heat Transferred 372 | . 372 Parts Sabotaged . | . . Parts Stolen . | . . Parts Stripped . | . . Power Chain Reactions 2 | . 2 Alert | -11 -10 ------- Run | Yrd Mat Maximum Alert Level . | . . Low Security (%) 100 | 100 100 Level 1 . | . . Level 2 . | . . Level 3 . | . . Level 4 . | . . Level 5 . | . . High Security . | . . Max Security . | . . Peak Influence 64 | 20 64 Initial 6 | . 6 Average 9 | . 12 Influence Increases 297 | 20 277 Destroy 0b10 Robot/C 200 | 20 180 Destroy 0b10 Robot/NC 5 | . 5 Destroy Leader 40 | . 40 Trap Triggered on 0b10 20 | . 20 Successful Hack 12 | . 12 Disable Machine 15 | . 15 Destroy Structure 5 | . 5 Influence Decreases 281 | 10 271 Entered New Map 4 | . 4 Time Decay 179 | 10 169 Lost Part 98 | . 98 Squads Dispatched 4 | . 4 Investigation 2 | . 2 Extermination . | . . Reinforcement 2 | . 2 Assault . | . . Garrison . | . . Intercept . | . . Searches Triggered . | . . Construction Impeded . | . . Haulers Reinforced . | . . Active Scanning Responses . | . . Cargo Convoy Interrupts . | . . Stealth | -11 -10 --------- Run | Yrd Mat Distress Signals 1 | . 1 Communications Jammed . | . . Distress Signals . | . . Times Spotted 14 | 1 13 Peak Tracking Total 4 | 1 4 Tactical Retreats . | . . Traps | -11 -10 ------- Run | Yrd Mat Traps Triggered . | . . Indirectly . | . . Trap Hack Attempts . | . . Triggered . | . . Disarmed . | . . Reprogrammed 6 | . 6 Reused 2 | . 2 Traps Extracted . | . . Installed . | . . Triggered 2 | . 2 Machines | -11 -10 ---------- Run | Yrd Mat Machines Disabled 2 | . 2 Max in Single Turn 1 | . 1 Machines Repaired . | . . Machines Dismantled . | . . Machines Sabotaged . | . . Overloaded Fab Kills . | . . Hacking | -11 -10 --------- Run | Yrd Mat Machines Accessed 4 | . 4 Terminals 3 | . 3 Fabricators . | . . Repair Stations . | . . Recycling Units 1 | . 1 Scanalyzers . | . . Garrison Access . | . . Total Hacks 14 | . 14 Successful 6 | . 6 Failed 8 | . 8 Catastrophic 1 | . 1 Database Lockouts . | . . Manual 7 | . 7 Terminals 10 | . 10 Fabricators . | . . Repair Stations . | . . Recycling Units 4 | . 4 Scanalyzers . | . . Garrison Access . | . . Terminal Hacks 4 | . 4 Reprogram Traps 1 | . 1 Maintenance Status 1 | . 1 Registered Components 1 | . 1 Zone Layout 1 | . 1 Fabricator Hacks . | . . Repair Station Hacks . | . . Recycling Unit Hacks 2 | . 2 Process 1 | . 1 Report Inventory 1 | . 1 Scanalyzer . | . . Garrison Access Hacks . | . . Unauthorized Hacks . | . . Terminals . | . . Fabricators . | . . Repair Stations . | . . Recycling Units . | . . Scanalyzers . | . . Garrison Access . | . . Data Cores Recovered . | . . Used . | . . Hacking Detections 4 | . 4 Full Trace Events 4 | . 4 Feedback Events . | . . Feedback Blocked . | . . Robot Schematics Acquired . | . . Robots Built . | . . Authchips . | . . Time . | . . Total Robot Build Rating . | . . Part Schematics Acquired . | . . Parts Built . | . . Authchips . | . . Time . | . . Total Part Build Rating . | . . Parts Repaired . | . . Time . | . . Parts Recycled . | . . Recycled Matter 118 | . 118 Retrieved Matter . | . . Retrieved Components . | . . Parts Scanalyzed . | . . Part Schematics Acquired . | . . Parts Damaged . | . . Bothacking | -11 -10 ------------ Run | Yrd Mat Used RIF Installer . | . . Robots Hacked . | . . Non-combat . | . . Combat . | . . Robot Hacks Applied . | . . Relay Couplers Released . | . . Fabnet Peak Effective % . | . . Robots Rewired . | . . Allies Hacked . | . . Hacks Repelled . | . . Allies | -11 -10 -------- Run | Yrd Mat Total Allies . | . . Largest Group . | . . Highest-Rated Group . | . . Highest-Rated Ally . | . . Total Orders . | . . Ally Attacks . | . . Total Damage . | . . Kills . | . . Allies Corrupted . | . . Allies Melted . | . . Intel | -11 -10 ------- Run | Yrd Mat Active Infowar (turns) . | . . Robot Analysis Total . | . . Derelict Logs Recovered . | . . Drone Launches . | . . Drone Recoveries . | . . Exploration | -11 -10 ------------- Run | Yrd Mat Turns Passed 1123 | 315 808 Spaces Moved 837 | 383 454 Core 159 | 154 5 Treads . | . . Legs 63 | 60 3 Wheels 615 | 169 446 Hover . | . . Flight . | . . Fastest Speed 50 | 50 80 Average Speed 113 | 76 144 Slowest Speed 1400 | 120 1400 Overloaded Moves . | . . Propulsion Burnouts . | . . Robots Hopped . | . . Potential Cave-ins . | . . Cave-ins Triggered . | . . Exploration Rate (%) 19 | 9 29 Regions Visited 1 Branch Regions . Pre-discovered Areas . | . . Known Exits Taken . | . . Unknown Exits Taken 1 | 1 . Scrap Searched . | . . Spaces Dug . | . . Terrain Destroyed 5 | . 5 Melee . | . . Projectile . | . . AOE 5 | . 5 Terrain Rammed . | . . Walls Destroyed . | . . Machines Disabled . | . . Actions | -11 -10 --------- Run | Yrd Mat Total 966 | 400 566 Wait 54 | . 54 Move 836 | 382 454 Hop . | . . Pick Up 17 | 5 12 Fast Attach 9 | 5 4 Attach 8 | 1 7 Detach 2 | 1 1 Swap 6 | 2 4 Drop 8 | 2 6 Fire 26 | 2 24 Melee . | . . Ram . | . . Kick . | . . Crush . | . . Escape Stasis . | . . Rewire . | . . Trap . | . . Miscellaneous . | . . Route ------- -11/Scrapyard -10/Materials (discovered 1 exit: [*Min]) History --------- Turn | Location | Event 2 | -11/Scrapyard | Met Revision 17 286 | -11/Scrapyard | Discovered new exit (range 8) 316 | -11/Scrapyard | Entered Materials 317 | -10/Materials | Build established: Mutant 706 | -10/Materials | Discovered new exit (range 12) 1069 | -10/Materials | Core integrity fell below 50% 1100 | -10/Materials | Core integrity fell below 20% 1124 | -10/Materials | Destroyed by G-34 Mercenary with Small Laser Last Messages --------------- S-10 Pest destroyed. K-01 Serf collects debris. U-05 Engineer lays Concrete. K-01 Serf collects debris. U-05 Engineer lays Concrete. K-01 Serf cleans the Machine. Door malfunctions. U-05 Engineer lays Concrete. EMP Blaster destroyed. U-05 Engineer lays Concrete. U-05 Engineer repairs door. R-06 Scavenger collects Wheel. R-06 Scavenger collects Structural Scanner. R-06 Scavenger collects Terrain Scanner. G-34 Mercenary destroyed. K-01 Serf collects debris. Aluminum Leg destroyed. R-06 Scavenger collects Lgt. Ion Engine. K-01 Serf destroyed. [Achievement: First Step to Greatness] Map ----- +----------------------------------------------------+ | ?????????????????????????????????????????????????? | | ?????????????????????????????????????????????????? | | ?????????????????????????????????????????????????? | | ?????????????????????????????????????????????????? | | ????????????????????????????????????????#####????? | | ????????????????????????????????????????# #????? | | ??????????????????????????????########### #????? | | ??????????????????????????????# # #????? | | ??????????????????????????????# # #????? | | ??????????????????????????????# # #????? | | ??????????????????????????????# + #????? | | ??????????????????????????????#"" """ # ###### | | ??????????????????????????????#"T """ # #[ | | ??????????????????????????????#"" """ # # "" | | ??????????????????????????????# # # T" | | ???????????????????###################### + "" | | ???????????????????# # | | ???????????????????# # | | ???????????????????# ###+## | | ???????????????????##########################?# ## | | ??????????????????????????????????????????????# ## | | ??????????????????????????????????????????????# ## | | ????????????????#########?????????????######### ## | | ???????" ##### ############### ## | | ???????" g% % [ % + | | ???????" % a <%% @% # | | ??????? t % u *%= "" + | | ??????? # #######+####### ^ T" # | | ???????? ??# "! |" #??# ###^ "" # | | ????????? ????#""!"|""#??# "" #?# ^ # | | ????????????????#########??# Y" #?# ^ + | | ???????????????????????????+ "" #?# """ # | | ???????????????????????????# #?# ^""" # | | ???????????????????????????# """ #?# """ # | | ???????????????????????????# """ #?# # | | ???????????????????????????+ """ #?# + | | ???????????????????????????# #?# # | | ?????????????????????????######+#####?# #### # | | ?????????????????????????#]] ## #?????# ##???+# | | ?????????????????????????#]] ## ####### #?????? | | ?????????????????????????# [[ +?????? | | ?????????????????????????# [ #?????? | | ?????????????????????????#]] = #?????? | | ?????????????????????????# ###+###########?????? | | ?????????????????????????#####?# ???????????????? | | ???????????????????????????????# ???????????????? | | ???????????????????????????????# "??????????????? | | ???????????????????????????????# "??????????????? | | ???????????????????????????????# ?????????????? | | ???????????????????????????????# ""?????????????? | +----------------------------------------------------+ Best States ------------- Heat Dissipation 25 Energy Generation 10 Energy Capacity 125 Matter Stores 300 Matter Capacity 300 Sight Range 16 Terrain Scan Density 10 Evasion (%) 50 Item Schematics ----------------- None Robot Schematics ------------------ None Fabricated ------------ Nothing Repaired ---------- Nothing Alien Tech Used ----------------- None Achievements -------------- First Step to Greatness One Hack Too Far Storm Trooper Tank Uninvited Guest Challenges ------------ None Game ------ Seed DerelictSubdwellerStreamer Manual? 0 Play Time 00:34:08 Cumulative 0.5 hours Start 2025.08.23 @ 22:23:01 End 2025.08.23 @ 22:59:18 Sessions 1 Manual Loads 0 Difficulty Rogue Special Mode None Game No. 1 Rogue 1 Adventurer 0 Explorer 0 Win Type - Total 0 Types 0/0/0/0/0/0/0/0/0/0 Lore% 0 Gallery% 0 Achievement% 1 Wizard Run 0 Options --------- Layout 1 ASCII 0 Keyboard 0 Movement Vi Keybinds 0 Fullscreen 1 Font 32/SmallcapsGlow Map View 50x35 Zoom Use 0% Tactical HUD 0 Map Filters NONE Filters NONE Steam 1 RUN: 6a0d9227-3146-43cc-aec6-8e5dfa6e17a9